 Dungeon Crawl Stone Soup version 0.21.1-1-g345015f (webtiles) character file.

74 zishaf the Sneak (level 4, 0/29 HPs)
             Began as an Octopode Assassin on May 7, 2018.
             Slain by a worm (12 damage)
             ... on level 2 of the Dungeon.
             The game lasted 00:03:40 (1053 turns).

zishaf the Sneak (Octopode Assassin)                Turns: 1053, Time: 00:03:40

Health: 0/29       AC:  1    Str: 10    XL:     4   Next: 28%
Magic:  4/4        EV: 13    Int: 13    God:
Gold:   56         SH:  0    Dex: 14    Spells: 3/3 levels left

rFire    . . .     SeeInvis .   a - +2 dagger
rCold    . . .     Gourm    .   (no shield)
rNeg     . . .     Faith    .   (helmet restricted)
rPois    .         Spirit   .   (no amulet)
rElec    .         Reflect  .   (no ring)
rCorr    .         Harm     .   (no ring)
MR       .....                  (no ring)
Stlth    +++++.....             (no ring)
HPRegen  0.09/turn              (no ring)
MPRegen  0.09/turn              (no ring)
                                (no ring)
                                (no ring)

@: flying
A: almost no armour, stealthy swim, amphibious, 8 rings, constrict 8, camouflage
1, gelatinous body 1
a: no special abilities


You were on level 2 of the Dungeon.
You were not hungry.

You visited 1 branch of the dungeon, and saw 2 of its levels.

You collected 56 gold pieces.

Inventory:

Hand Weapons
 a - a +2 dagger (weapon)
 b - a +0 blowgun
Missiles
 c - 8 poisoned needles
 d - 2 curare-tipped needles
Scrolls
 e - 2 scrolls of immolation {unknown}
 i - a scroll of remove curse {unknown}
 j - a scroll of teleportation {unknown}
 k - a scroll of fog {unknown}
 l - a scroll of identify {unknown}
 o - 3 scrolls of enchant armour {unknown}
Potions
 n - a potion of cancellation {unknown}
Comestibles
 f - 4 rations
 g - 5 chunks of flesh


   Skills:
 - Level 2.0 Fighting
 - Level 2.0 Short Blades
 - Level 2.0 Throwing
 - Level 1.0 Dodging
 + Level 7.9 Stealth


You had 3 spell levels left.
You didn't know any spells.

Dungeon Overview and Level Annotations

Branches:
Dungeon (2/15)

Altars:


Innate Abilities, Weirdness & Mutations

You cannot wear most types of armour.
You are very stealthy in the water. (Stealth+)
You are amphibious.
You can wear up to eight rings at the same time.
You can use your tentacles to constrict eight enemies at once.
Your skin changes colour to match your surroundings (Stealth+).
Your rubbery body absorbs attacks. (AC +1, EV +1)


Message History

You feel very buoyant.
You fly up into the air.
The bat completely misses you.
It was a potion of curing.
You feel better. The bat closely misses you. The bat misses you.
The bat barely misses you. The bat closely misses you.
The bat hits you but does no damage.
You hit the bat. Your grab misses the bat.
You kill the bat!
You hit the adder. Your grab misses the adder.
The adder is almost dead.
The adder barely misses you.
You hit the adder.
You kill the adder!
You miss the frilled lizard. You grab the frilled lizard.
You kill the frilled lizard!
You see here a bat corpse.
You butcher the bat corpse.
You see here a chunk of flesh.
The worm bites you!
You die...

...........# #.......#
##.........# #.......#
#.........# #.......#
##.........###.......#
......)........##.####
............####..#
...........## #.##
....#.#...## #%#
........### #@#
....#.### #w# ......#
##.### .....##
###....# .....#
#....#.# .....#
#....#..#.# .....#
#...##.#..# ##..#
..... #.#.### [#.[
#.....#


You could see a worm.

Vanquished Creatures
  2 adders (D:2)
  An ooze (D:1)
  4 dart slugs (D:1)
  4 bats
  A giant cockroach (D:1)
  8 goblins
  6 hobgoblins
  A quokka (D:2)
  3 frilled lizards
  6 kobolds
  8 rats
44 creatures vanquished.

Notes
Turn   | Place    | Note
-------+----------+-------------------------------------------
     0 | D:1      | zishaf the Octopode Assassin began the quest for the Orb.
     0 | D:1      | Reached XP level 1. HP: 14/14 MP: 1/1
    39 | D:1      | Reached skill level 6 in Stealth
    39 | D:1      | Reached XP level 2. HP: 14/19 MP: 2/2
   330 | D:1      | Reached XP level 3. HP: 24/24 MP: 3/3
   386 | D:1      | Reached skill level 7 in Stealth
  1024 | D:2      | Reached XP level 4. HP: 21/29 MP: 4/4
  1053 | D:2      | Slain by a worm

Skill      XL: |  1  2  3 |
---------------+----------+-----
Stealth        | 6 7 |  7.9
Fighting       | |  2.0
Short Blades   | |  2.0
Throwing       | |  2.0
Dodging        | |  1.0

Action                   |  1- 3 |  4- 6 || total
-------------------------+-------+-------++-------
Melee: Dagger            |    65 |     9 ||    74
       Tentacles         |    15 |     2 ||    17
       Constrict         |    16 |     1 ||    17
  Use: Potion            |       |     2 ||     2
 Stab: Sleeping          |    14 |       ||    14
Armor: Skin              |     3 |     3 ||     6
Dodge: Dodged            |    30 |    22 ||    52
